 Dungeon Crawl Stone Soup version 0.28-a0-60-g54b5640690 (webtiles) character file.

Game seed: 10999571824418274088

2270 zazu2006 the Magician (level 9, -4/74 HPs)
             Began as a Naga Hedge Wizard on July 31, 2021.
             Was a Follower of Vehumet.
             Slain by a gnoll sergeant (9 damage)
             ... on level 6 of the Dungeon.
             The game lasted 00:16:45 (7865 turns).

zazu2006 the Magician (Naga Hedge Wizard)           Turns: 7865, Time: 00:16:45

Health: -4/74      AC:  5    Str: 14    XL:     9   Next: 38%
Magic:  1/19       EV: 14    Int: 16    God:    Vehumet [*.....]
Gold:   219        SH:  0    Dex: 11    Spells: 13/22 levels left

rFire   . . .      SeeInvis +   m - +2 dagger (venom)
rCold   . . .      Faith    .   (no shield)
rNeg    . . .      Spirit   .   b - +0 robe
rPois   +          Reflect  .   c - +0 hat
rElec   .          Harm     .   x - +0 cloak
rCorr   .          Rampage  .   (no gloves)
Will    +....                   (no barding)
Stlth   +++.......              (no amulet)
HPRegen 0.22/turn               p - +4 ring of evasion
MPRegen 0.16/turn               (no ring)

@: very slow
A: AC +3, large, see invisible, deformed body, poison resistance, slowness 2,
spit poison 1, naga tail 1
a: Spit Poison, Renounce Religion


You were on level 6 of the Dungeon.
You worshipped Vehumet.
Vehumet was aware of your devotion.
You visited 2 branches of the dungeon, and saw 7 of its levels.
You also visited: Ossuary.

You collected 219 gold pieces.

Inventory:

Hand Weapons
 m - a +2 dagger of venom (weapon)
 q - a +0 long sword
Missiles
 i - 2 throwing nets
Armour
 b - a +0 robe (worn)
 c - a +0 hat (worn)
 x - a +0 cloak (worn)
Jewellery
 p - a +4 ring of evasion (left hand)
 w - a ring of wizardry
Wands
 u - a wand of flame (13)
 v - a wand of iceblast (9)
Scrolls
 d - a scroll of magic mapping
 e - 3 scrolls of amnesia
 g - a scroll of blinking {unknown}
 h - 2 scrolls of fog
 k - a scroll of noise
 t - a scroll of immolation {unknown}
Potions
 f - a potion of degeneration {unknown}
 j - a potion of haste
 l - a potion of cancellation
 n - a potion of invisibility {unknown}
 s - 3 potions of lignification


   Skills:
 + Level 2.7 Fighting
 + Level 3.6 Dodging
 + Level 5.4 Stealth
 + Level 7.1 Spellcasting
 + Level 4.7 Conjurations
 + Level 1.0 Summonings
 + Level 3.4 Translocations
 + Level 0.2 Fire Magic
 + Level 1.1 Air Magic
 * Level 6.8 Poison Magic


You had 13 spell levels left.
You knew the following spells:

 Your Spells              Type           Power      Damage    Failure   Level
a - Magic Dart            Conj           80%        1d7       1%          1
b - Mephitic Cloud        Conj/Pois/Air  19%        N/A       6%          3
c - Conjure Flame         Conj/Fire      13%        6-21      13%         3
d - Blink                 Tloc           N/A        N/A       4%          2

Your spell library contained the following spells:

 Spells                   Type           Power      Damage    Failure   Level
 Freeze                   Ice            20%        1d4       12%         1
 Spider Form              Tmut/Pois      8%         N/A       9%          3
 Beastly Appendage        Tmut           10%        N/A       12%         1
 Call Imp                 Summ           8%         N/A       12%         2
 Slow                     Hex            5%         N/A       19%         2
 Wereblood                Tmut           5%         N/A       19%         2


Dungeon Overview and Level Annotations

Branches:
Dungeon (6/15)             Temple (1/1) D:4         Ossuary (visited)

Altars:
Ashenzari
Gozag
Hepliaklqana
Makhleb
Vehumet
Yredelemnul
Zin

Annotations:
D:3 Grinder
D:4 4 runed translucent doors


Innate Abilities, Weirdness & Mutations

Your serpentine skin is tough. (AC +3)
You have supernaturally acute eyesight. (SInv)
Armour fits poorly on your strangely shaped body.
Your system is resistant to poisons. (rPois)
You cover ground very slowly.
You can spit poison.
You have a snake-like lower body.


Message History

The bullfrog hits you.
* * * LOW HITPOINT WARNING * * *
Okay, then.
You kill the bullfrog!
Vehumet accepts your kill.
Your Spellcasting skill increases to level 7!
Aiming: Throw Flame
Press: ? - help, Shift-Dir - straight line, f/p - wyvern skeleton
Aim: a wyvern skeleton (almost destroyed, 97% to hit)
The puff of flame hits the wyvern skeleton.
You destroy the wyvern skeleton!
Vehumet accepts your kill.
You start resting.
A gnoll is nearby!
Aiming: Throw Flame
Press: ? - help, Shift-Dir - straight line, f - gnoll
Aim: a gnoll, wielding a +0 spear (severely wounded, confused, 93% to hit)
The puff of flame hits the gnoll.
You kill the gnoll!
Vehumet accepts your kill.
You can now gain magical power from killing.
Vehumet offers you knowledge of Freeze.
You start resting.
A gnoll sergeant is nearby!
Casting: Mephitic Cloud (dangerous; 6% risk of failure)
Confirm with . or Enter, or press ? or * to list all spells.
Aiming: Mephitic Cloud (dangerous; 6% risk of failure)
Press: ? - help, Shift-Dir - straight line, f - gnoll sergeant
Aim: a gnoll sergeant, wielding a +0 trident and wearing a +0 ring mail (moderately wounded, chance to affect: 81%)
The ball explodes into a vile cloud!
The stinking cloud engulfs the gnoll sergeant but does no damage.
The gnoll sergeant is moderately wounded.
You hear an angry buzzing noise.
The gnoll sergeant is engulfed in noxious fumes.
The gnoll sergeant appears confused.
Unknown command.
You hit the gnoll sergeant.
The gnoll sergeant is poisoned.
The gnoll sergeant is heavily wounded.
The gnoll sergeant hits you with a +0 trident!
You die...

## ##. #.. .#.# ##.# ###
####.#.##### ... ..
+.g@....<.>. ####.##.#
#○##$#.#.#.# #.......#
#..#.... .#
#......)#######.###)###.#
#........).)............#
####'##g)#######.##.#####
#.##..# #.........#
#...g.# #.#...h...#
##....###.....(..###


You could see a gnoll sergeant (confused, very poisoned).

Vanquished Creatures
  Pikel (D:5)
  A hornet (D:4)
  Sigmund (D:5)
  Menkaure (D:5)
  Edmund (D:5)
  An ogre (D:5)
  A phantom (D:4)
  A lemure (D:5)
  2 elf zombies (Ossuary)
  A bullfrog (D:6)
  3 scorpions (D:5)
  A wyvern skeleton (D:6)
  A water moccasin skeleton (D:6)
  2 centaur zombies
  A bullfrog zombie (D:5)
  A bullfrog skeleton (D:4)
  2 centaur skeletons
  A gnoll shaman (D:4)
  3 hounds
  Crazy Yiuf (D:5)
  An iguana (D:4)
  Ijyb (D:5)
  An orc wizard (D:4)
  A hound zombie (D:5)
  A hound skeleton (D:4)
  2 mummies (Ossuary)
  5 gnolls (D:6)
  4 adders
  4 adder zombies
  3 worms
  3 dart slugs
  An orc (D:4)
  5 endoplasms
  3 giant cockroaches
  5 goblins
  7 hobgoblins
  7 quokkas
  6 ball pythons
  3 bats
  A frilled lizard (D:2)
  A goblin zombie (Ossuary)
  13 hobgoblin zombies (Ossuary)
  2 jackal zombies (Ossuary)
  7 kobolds
  8 kobold zombies (Ossuary)
  6 orc zombies (Ossuary)
  A quokka zombie (D:4)
  2 rats
  2 rat zombies
133 creatures vanquished.

Vanquished Creatures (others)
  3 demonic plants (D:2)
  4 fungi (D:2)
  5 plants (D:2)
  4 withered plants (D:2)
16 creatures vanquished.

Grand Total: 149 creatures vanquished

Notes
Turn   | Place    | Note
-------+----------+-------------------------------------------
     0 | D:1      | zazu2006 the Naga Hedge Wizard began the quest for the Orb.
     0 | D:1      | Reached XP level 1. HP: 15/15 MP: 4/4
   380 | D:1      | Reached XP level 2. HP: 22/22 MP: 1/6
  1034 | D:2      | Reached XP level 3. HP: 28/28 MP: 1/8
  1038 | D:2      | Learned a level 3 spell: Mephitic Cloud
  1042 | D:2      | Learned a level 3 spell: Conjure Flame
  1045 | D:2      | Learned a level 2 spell: Blink
  1796 | D:2      | Reached skill level 4 in Spellcasting
  1796 | D:2      | Reached XP level 4. HP: 35/36 MP: 2/10
  2017 | D:2      | Found a faded altar of an unknown god.
  2705 | D:3      | Noticed Grinder
  2707 | D:3      | Paralysed by Grinder for 6 turns
  2808 | D:4      | Found a large runed translucent door.
  2808 | D:4      | Found a large runed translucent door.
  2820 | D:4      | Reached skill level 1 in Poison Magic
  2828 | D:4      | Reached XP level 5. HP: 26/43 MP: 11/11
  2856 | D:4      | Noticed an ice beast
  2863 | D:4      | Found a large runed translucent door.
  2863 | D:4      | Found a large runed translucent door.
  2890 | D:4      | Found a sand-covered staircase.
  2912 | Ossuary  | Entered an ossuary
  3715 | Ossuary  | HP: 1/43 [mummy (15)]
  3723 | Ossuary  | Reached skill level 1 in Fighting
  3723 | Ossuary  | Reached XP level 6. HP: 3/51 MP: 0/12
  4770 | D:4      | Found a staircase to the Ecumenical Temple.
  4793 | Temple   | Entered the Ecumenical Temple
  4879 | Temple   | Became a worshipper of Vehumet
  5019 | D:4      | Reached XP level 7. HP: 55/57 MP: 8/14
  5303 | D:4      | Reached skill level 5 in Spellcasting
  5521 | D:4      | Noticed a hornet
  5529 | D:4      | Killed a hornet
  5748 | D:4      | Found an opulent altar of Gozag.
  5748 | D:4      | Found a glowing silver altar of Zin.
  5961 | D:5      | Entered Level 5 of the Dungeon
  5973 | D:5      | Noticed Pikel
  5995 | D:5      | Killed Pikel
  5996 | D:5      | Reached XP level 8. HP: 22/67 MP: 14/16
  6243 | D:5      | Reached skill level 6 in Spellcasting
  6281 | D:4      | Reached skill level 5 in Poison Magic
  6597 | D:5      | Noticed Menkaure
  6614 | D:5      | Killed Menkaure
  6963 | D:5      | Noticed Sigmund
  6972 | D:5      | Killed Sigmund
  6973 | D:5      | Reached skill level 5 in Stealth
  6973 | D:5      | Reached XP level 9. HP: 74/74 MP: 15/18
  7003 | D:5      | Found a runed translucent door.
  7004 | D:5      | Noticed Crazy Yiuf
  7132 | D:5      | Noticed Ijyb
  7145 | D:5      | Killed Ijyb
  7321 | D:5      | Noticed Edmund
  7339 | D:5      | Killed Edmund
  7497 | D:5      | Reached skill level 1 in Air Magic
  7702 | D:5      | Killed Crazy Yiuf
  7802 | D:6      | Noticed a hornet
  7853 | D:6      | HP: 2/74 [bullfrog (4)]
  7855 | D:6      | Reached skill level 7 in Spellcasting
  7861 | D:6      | Reached * piety under Vehumet
  7861 | D:6      | Offered knowledge of Freeze by Vehumet.
  7865 | D:6      | Slain by a gnoll sergeant

Illustrated notes

Levels and vault maps discovered:
D:1:      scummos_arrival_gate, layout_loops_ring
D:2:      layout_basic, shapermc_ecumenical_altar_gd, hangedman_glass_teeth,
          minmay_heptomino_o4
D:3:      layout_loops_ring, uniq_grinder
D:4:      layout_gridville, grunt_temple_overflow_gold_and_silver,
          minmay_temple_entry_wispy, enter_ossuary_4,
          minmay_hollow_rounded_squares
D:5:      layout_basic, uniq_ijyb, uniq_crazy_yiuf_cottage, uniq_edmund,
          uniq_menkaure, uniq_sigmund, uniq_pikel
D:6:      layout_basic, tgw_trog, serial_shops, kennysheep_mini_moat
Temple:   dpeg_chambers_temple

Skill      XL: |  1  2  3  4  5  6  7  8  9 |
---------------+----------------------------+-----
Spellcasting   | 4 5 6 7 |  7.1
Conjurations   | 2 3 4 |  4.7
Poison Magic   | 1 2 3 4 5 6 |  6.8
Fighting       | 1 2 |  2.7
Dodging        | 2 3 |  3.6
Translocations | 2 3 |  3.4
Stealth        | 4 5 |  5.4
Air Magic      | 1 |  1.1
Summonings     | |  1.0
Fire Magic     | |  0.2

Action                   |  1- 3 |  4- 6 |  7- 9 || total
-------------------------+-------+-------+-------++-------
Melee: Dagger            |     3 |   165 |   121 ||   289
 Cast: Magic Dart        |    78 |   106 |    98 ||   282
       Mephitic Cloud    |       |     1 |    14 ||    15
       Conjure Flame     |       |     7 |       ||     7
       Blink             |       |    15 |    11 ||    26
 Abil: Spit Poison       |    17 |     5 |     5 ||    27
Evoke: Wand              |       |       |     4 ||     4
  Use: Scroll            |       |     4 |     3 ||     7
       Potion            |       |     1 |     6 ||     7
 Stab: Sleeping          |       |     4 |     1 ||     5
       Confused          |       |       |     6 ||     6
Armor: Robe              |     1 |    48 |    33 ||    82
Dodge: Dodged            |     7 |   156 |   136 ||   299

Table legend: (Time is in decaauts)
 A = Elapsed time spent in this place.
 B = Non-inter-level travel time spent in this place.
 C = Inter-level travel time spent in this place.
 D = Time resting spent in this place.
 E = Time spent auto-exploring this place.
 F = Levels seen in this place.
 G = Mean time per level.
                   A        B        C        D        E       F      G
               +--------+--------+--------+--------+--------+-----+--------+
         Total |   9192 |   9007 |    185 |   1083 |   6154 |   8 | 1149.0 |
       Dungeon |   7020 |   6873 |    147 |    233 |   5617 |   6 | 1170.0 |
        Temple |    146 |    109 |     37 |      0 |    100 |   1 |  146.0 |
       Ossuary |   2025 |   2025 |      0 |    850 |    436 |   1 | 2025.0 |
               +--------+--------+--------+--------+--------+-----+--------+

Top non-repeatable levels by time:
 Ossuary: 2025 daAuts
     D:4: 1950 daAuts
     D:5: 1759 daAuts
     D:2: 1521 daAuts
     D:1: 1335 daAuts
     D:3: 350 daAuts
  Temple: 146 daAuts
     D:6: 102 daAuts
